 Dungeon Crawl Stone Soup version 0.25.1-8-g42b30a86e7 (webtiles) character file.

Game seed: 3011108518313103523

213 Abzac the Chopper (level 5, 0/45 HPs)
             Began as a Hill Orc Fighter on Dec 21, 2020.
             Killed from afar by an orc wizard (5 damage)
             ... with a puff of flame
             ... on level 3 of the Dungeon.
             The game lasted 00:03:03 (1879 turns).

Abzac the Chopper (Hill Orc Fighter)                Turns: 1879, Time: 00:03:04

Health: 0/45       AC:  5    Str: 20    XL:     5   Next: 90%
Magic:  5/5        EV:  8    Int:  8    God:
Gold:   58         SH:  9    Dex: 10    Spells: 4/4 levels left

rFire    . . .     SeeInvis .   a - +0 war axe
rCold    . . .     Gourm    .   c - +0 kite shield
rNeg     . . .     Faith    .   g - +0 ring mail (curse)
rPois    .         Spirit   .   (no helmet)
rElec    .         Reflect  .   (no cloak)
rCorr    .         Harm     .   (no gloves)
MR       .....                  (no boots)
Stlth    ..........             (no amulet)
HPRegen  0.15/turn              (no ring)
MPRegen  0.09/turn              (no ring)

@: brilliant, lethally poisoned (0 -> -1)
A: no striking features
a: no special abilities


You were on level 3 of the Dungeon.
You were hungry.

You visited 1 branch of the dungeon, and saw 4 of its levels.

You collected 58 gold pieces.

Inventory:

Hand Weapons
 a - a +0 war axe (weapon)
Armour
 b - a +0 scale mail
 c - a +0 kite shield (worn)
 g - a cursed +0 ring mail (worn)
Wands
 e - a wand of random effects (11)
Scrolls
 h - a scroll of teleportation {unknown}
 i - 2 scrolls of enchant armour
Potions
 d - a potion of might
Comestibles
 f - 4 rations
 j - 5 chunks of flesh


   Skills:
 - Level 3.6 Fighting
 * Level 7.9 Axes
 - Level 3.2 Armour
 - Level 3.2 Shields


You had 4 spell levels left.
You didn't know any spells.
Your spell library was empty.

Dungeon Overview and Level Annotations

Branches:
Dungeon (4/15)
 Temple: D:4-7

Altars:


Message History

You feel sick.
You feel sick.
It was a potion of brilliance.
You feel clever all of a sudden. The goblin closely misses you.
You feel sick.
You feel sick.
You feel sick. You block the goblin's attack.
You feel sick. The goblin hits you but does no damage.
You feel sick.
You are feeling hungry.
You feel sick.
You feel sick.
An orc and an orc wizard come into view.
The orc wizard shouts!
The orc shouts!
You hear a shout!
You hear a bark!
The orc wizard gestures at you while chanting.
The puff of flame hits you.
You die...

.# #.# .#
#.# .#
#.# >#
#.# ##
#g# #.#
#g# #.#
#@#
..o.....#
####.##.#
.. ... ##
..# o..#
#.## #.


You could see an orc wizard, an orc and 2 goblins.

Vanquished Creatures
  An ogre (D:4)
  Terence (D:2)
  A worker ant (D:4)
  4 adders
  3 worms (D:2)
  A leopard gecko (D:1)
  3 bats
  A giant cockroach (D:3)
  2 goblins
  8 hobgoblins
  2 quokkas
  6 frilled lizards
  6 kobolds
  3 rats
  A bush (D:1)
43 creatures vanquished.

Notes
Turn   | Place    | Note
-------+----------+-------------------------------------------
     0 | D:1      | Abzac the Hill Orc Fighter began the quest for the Orb.
     0 | D:1      | Reached XP level 1. HP: 19/19 MP: 1/1
    13 | D:1      | Reached skill level 3 in Axes
   196 | D:1      | Reached XP level 2. HP: 23/26 MP: 2/2
   402 | D:1      | Reached skill level 4 in Axes
   782 | D:2      | Noticed Terence
   795 | D:2      | Killed Terence
   795 | D:2      | Reached skill level 5 in Axes
   795 | D:2      | Reached XP level 3. HP: 30/31 MP: 3/3
  1090 | D:2      | Reached XP level 4. HP: 23/39 MP: 4/4
  1301 | D:2      | Reached skill level 6 in Axes
  1408 | D:2      | You fall into a shaft and drop 2 floors!
  1649 | D:4      | Noticed an ogre
  1660 | D:4      | Killed an ogre
  1660 | D:4      | Reached skill level 7 in Axes
  1660 | D:4      | Reached XP level 5. HP: 36/45 MP: 5/5
  1766 | D:4      | Noticed an ogre
  1879 | D:3      | Killed from afar by an orc wizard

Illustrated notes

Levels and vault maps discovered:
D:1:      dpeg_arrival_arbitrary_c, layout_basic, serial_forest,
          infiniplex_forest_zigzag_2, infiniplex_forest_clump_medium,
          infiniplex_forest_clump_tiny, infiniplex_forest_clump_curved,
          infiniplex_forest_zigzag_2, infiniplex_forest_corner_1,
          infiniplex_forest_clump_diagonal, infiniplex_forest_clump_cross,
          infiniplex_forest_clump_medium, serial_park_tiny_1
D:2:      layout_basic, uniq_terence
D:3:      layout_basic, lemuel_coloured_pillars_altar,
          nicolae_overflow_crystal_walls, uniq_grinder
D:4:      layout_loops_corners, first_ration, uniq_pikel

Skill      XL: |  1  2  3  4 |
---------------+-------------+-----
Axes           | 3 5 7 |  7.9
Fighting       | |  3.6
Armour         | |  3.2
Shields        | |  3.2

Action                   |  1- 3 |  4- 6 || total
-------------------------+-------+-------++-------
Melee: War axe           |   143 |    50 ||   193
  Use: Scroll            |     3 |       ||     3
       Potion            |       |     1 ||     1
  Eat: Chunk             |     1 |     2 ||     3
Armor: Scale mail        |     7 |       ||     7
       Ring mail         |    37 |    15 ||    52
Dodge: Dodged            |    39 |    22 ||    61
Block: Kite shield       |    55 |    34 ||    89
